 Dungeon Crawl Stone Soup version 0.18.1-48-g4cf74bf (webtiles) character file.

8361 Galewin the Severer (level 11, -2/83 HPs)
             Began as a Minotaur Berserker on Sept 7, 2016.
             Was a High Priest of Trog.
             Slain by Sonja
             ... wielding a +0 dagger of distortion
              (15 damage)
             ... on level 10 of the Dungeon.
             The game lasted 00:32:57 (7048 turns).

Galewin the Severer (Minotaur Berserker)            Turns: 7048, Time: 00:32:58

Health: -2/83      AC: 21    Str: 31    XL:     11   Next: 8%
Magic:  10/10      EV: 11    Int:  4    God:    Trog [*****.]
Gold:   136        SH:  0    Dex: 13    Spells: 0 memorised, 10 levels left

rFire  . . .     SeeInvis .     F - +9 battleaxe of the Ass {chop, Str+5 Dex+4}
rCold  . . .     Gourm    .     a - +2 plate armour
rNeg   . . .     Faith    .     (shield currently unavailable)
rPois  .         Spirit   .     (helmet restricted)
rElec  .         Dismiss  .     p - +2 cloak
rCorr  .         Reflect  .     J - +0 pair of gloves
SustAt +         Harm     .     n - +0 pair of boots
MR     ++...                    g - amulet of regeneration
Stlth  ..........               (no ring)
                                K - ring of sustain attributes

@: lethally poisoned (-2 -> -2), exhausted, regenerating, slowed, very slow,
very resistant to hostile enchantments, extremely unstealthy
A: retaliatory headbutt, horns 2
a: Berserk, Trog's Hand, Brothers in Arms, Burn Spellbooks, Renounce Religion


You were on level 10 of the Dungeon.
You worshipped Trog.
Trog was extremely pleased with you.
You were hungry.

You visited 1 branch of the dungeon, and saw 10 of its levels.
You also visited: Sewer and Ossuary.

You collected 583 gold pieces.
You spent 447 gold pieces at shops.

Inventory:

Hand Weapons
 F - the +9 battleaxe of the Ass (weapon) {chop, Str+5 Dex+4}
   (Trog gifted it to you on level 8 of the Dungeon)

   It inflicts extra damage upon your enemies.
   It affects your strength (+5).
   It affects your dexterity (+4).
Armour
 a - a +2 plate armour (worn)
 k - a storm dragon hide
 n - a +0 pair of boots (worn)
 p - a +2 cloak (worn)
 J - a +0 pair of gloves (worn)
Jewellery
 g - an amulet of regeneration (around neck)
 K - a ring of sustain attributes (left hand)
 R - an uncursed ring of protection from fire
 T - an uncursed ring of protection from cold
Wands
 y - a wand of digging (8/24)
 D - a wand of slowing (27/48)
 H - a wand of polymorph (5/24)
 L - a wand of enslavement (12/24)
 M - a wand of iceblast (5/15)
 Q - a wand of random effects (21/48)
 U - a wand of enslavement (13/24)
Scrolls
 d - 3 scrolls of magic mapping
 e - 6 scrolls of identify
 j - a scroll of holy word
 l - 2 scrolls of fog
 m - 6 scrolls of remove curse
 o - 3 scrolls of teleportation
 t - 2 scrolls of fear
 C - 2 scrolls of immolation {unknown}
 E - 2 scrolls of recharging {unknown}
 G - 2 scrolls of noise {unknown}
 I - a scroll of random uselessness {unknown}
Potions
 h - a potion of ambrosia {unknown}
 i - 2 potions of brilliance {unknown}
 q - 2 potions of flight
 r - a potion of invisibility {unknown}
 s - 3 potions of might {unknown}
 u - 6 potions of heal wounds
 v - 2 potions of agility
 w - 7 potions of curing
 z - 2 potions of degeneration {unknown}
 A - 3 potions of haste {unknown}
 B - a potion of lignification {unknown}
 N - 2 potions of mutation {unknown}
Comestibles
 c - 11 bread rations
 f - a meat ration
 x - 6 chunks of flesh
 O - a beef jerky
 P - 9 slices of pizza


   Skills:
 - Level 3.7 Fighting
 * Level 16.6 Axes
 + Level 8.2 Armour
 + Level 7.2 Dodging


You had 10 spell levels left.
You didn't know any spells.

Dungeon Overview and Level Annotations

Branches:
Dungeon (10/15)            Temple (0/1) D:6            Lair (0/8) D:9
    Orc: D:9-12

Altars:
Ashenzari
Dithmenos
Elyvilon
Nemelex Xobeh
Pakellas
Qazlal
Trog
Vehumet
Yredelemnul

Shops:
D:7 }[}:=

Annotations:
D:7 REGEN
D:8 exclusion: ice statue
D:10 Sonja


Innate Abilities, Weirdness & Mutations

You reflexively headbutt those who attack you in melee.
You have a pair of horns on your head.


Message History

Sonja hits you but does no damage.
You blink.
Your skin crawls.
You feel resistant to hostile enchantments.
You feel slightly more hungry.
Sonja says, "I'm academy-trained, you know."
Some of the chunks of flesh in your inventory have rotted away.
Read which item? (? for menu, Esc to quit)
Okay, then.
You barely miss Sonja.
Sonja is severely wounded.
You feel sick. Sonja hits you but does no damage.
Space warps horribly around you!
* * * LOW HITPOINT WARNING * * *
Sonja hits you but does no damage. Space bends around you.
* * * LOW HITPOINT WARNING * * *
Sonja closely misses you. Sonja hits you but does no damage.
Space bends around you.
* * * LOW HITPOINT WARNING * * *
Sonja hits you but does no damage. Space warps horribly around you!
You die...

#......##.#####.
#.......#...$...
#.....)((.......
#.......#.......
#.......#.......
#......?#..§....
#####.......###.....
#.....#####.K.#.).K. #.....#
#..@# .... ######
#.....#####...# .... #.....
###...##...(..# #...(.
#...##.##...#.#########.....
#(..........................
#....###....###.....(.......
#...#...#..#...#............
#...#.⌠.#..#.⌠.#............
#...#...#≈≈#...#............


You could see Sonja.

Vanquished Creatures
  Erolcha (D:8)
  Pikel (D:8)
  An ugly thing (D:9)
  6 yaks (D:9)
  2 wyverns
  A human (D:8)
  A hungry ghost (D:8)
  2 wargs (D:9)
  The ghost of BrandedWarrior the Shooter, an amateur HEHu (D:4)
  A slave (D:8)
  3 black bears
  6 ice beasts
  A wasp (D:8)
  5 ogres
  An orc warrior (D:9)
  3 phantoms
  2 centaurs
  A crocodile (D:9)
  Blork the orc (D:4)
  4 big kobolds
  An elf zombie (Ossuary)
  2 giant frogs (D:9)
  4 scorpions
  10 killer bees
  An electric eel (D:10)
  3 wights (D:7)
  A howler monkey (D:8)
  2 crimson imps
  2 centaur zombies (D:6)
  2 jellies
  2 giant frog zombies (D:7)
  A human zombie (Ossuary)
  Crazy Yiuf (D:2)
  4 hounds
  10 orc wizards
  5 orc priests
  A giant frog skeleton (D:8)
  Terence (D:2)
  3 iguanas
  6 worker ants
  2 big kobold zombies (Ossuary)
  2 hound zombies (Ossuary)
  2 hound skeletons
  4 mummies
  Robin (D:2)
  A howler monkey skeleton (D:7)
  3 gnolls (D:3)
  6 adders
  6 river rats
  A shadow imp (D:9)
  7 oozes
  3 adder zombies
  2 adder skeletons
  3 worms
  A dart slug (D:3)
  3 giant geckos
  28 orcs
  2 ball pythons (Sewer)
  7 giant cockroaches
  14 goblins
  5 hobgoblins
  17 jackals
  4 quokkas
  7 bats
  5 giant newts
  3 gnoll zombies (Ossuary)
  4 goblin zombies
  7 hobgoblin zombies
  A jackal zombie (Ossuary)
  31 kobolds
  6 kobold zombies (Ossuary)
  2 orc zombies (Ossuary)
  A quokka skeleton (D:4)
  4 quokka zombies (Ossuary)
  24 rats
  2 rat zombies (Ossuary)
  A fungus (D:2)
328 creatures vanquished.

Vanquished Creatures (others)
  The ghost of Charly the Grappler, a novice CeTm of Cheibriados (D:9)
  An orc (D:6)
  A jackal (D:6)
3 creatures vanquished.

Grand Total: 331 creatures vanquished

Notes
Turn   | Place    | Note
--------------------------------------------------------------
     0 | D:1      | Galewin the Minotaur Berserker began the quest for the Orb.
     0 | D:1      | Reached XP level 1. HP: 19/19 MP: 0/0
    17 | D:1      | Reached skill level 4 in Axes
    22 | D:1      | Reached XP level 2. HP: 18/27 MP: 1/1
   428 | D:2      | Reached skill level 5 in Axes
   428 | D:2      | Reached XP level 3. HP: 24/33 MP: 2/2
   449 | D:2      | Noticed Terence
   457 | D:2      | Killed Terence
   578 | D:2      | Found a shadowy altar of Dithmenos.
   651 | D:2      | Reached ** piety under Trog
   730 | D:2      | Reached XP level 4. HP: 40/40 MP: 3/3
   737 | D:2      | Noticed Robin
   738 | D:2      | Reached skill level 6 in Axes
   740 | D:2      | Killed Robin
  1027 | D:2      | Noticed Crazy Yiuf
  1034 | D:2      | Killed Crazy Yiuf
  1034 | D:2      | Reached XP level 5. HP: 46/46 MP: 4/4
  1159 | D:3      | Reached skill level 7 in Axes
  1246 | D:3      | Reached *** piety under Trog
  1265 | D:3      | Found a glowing drain.
  1301 | Sewer    | Entered a sewer
  1438 | Sewer    | Reached skill level 8 in Axes
  1449 | Sewer    | Reached XP level 6. HP: 40/52 MP: 5/5
  1457 | Sewer    | Reached **** piety under Trog
  1524 | Sewer    | Reached skill level 9 in Axes
  1928 | D:3      | Reached ***** piety under Trog
  2147 | D:3      | Reached XP level 7. HP: 58/58 MP: 6/6
  2354 | D:4      | Noticed Blork the orc
  2364 | D:4      | Killed Blork the orc
  2366 | D:4      | Received a gift from Trog
  2429 | D:4      | Reached skill level 10 in Axes
  2475 | D:4      | Noticed BrandedWarrior's ghost (amateur HEHu)
  2483 | D:4      | Killed BrandedWarrior's ghost
  2492 | D:4      | Noticed a wyvern
  2500 | D:4      | Killed a wyvern
  2500 | D:4      | Reached skill level 11 in Axes
  2716 | D:4      | Reached XP level 8. HP: 24/66 MP: 7/7
  2739 | D:4      | Found a sand-covered staircase.
  2748 | Ossuary  | Entered an ossuary
  3023 | Ossuary  | Reached skill level 12 in Axes
  3524 | D:5      | Entered Level 5 of the Dungeon
  3594 | D:5      | Reached skill level 13 in Axes
  3873 | D:6      | Found a white marble altar of Elyvilon.
  3892 | D:6      | Found a radiant altar of Vehumet.
  4169 | D:6      | Found a staircase to the Ecumenical Temple.
  4175 | D:6      | Reached XP level 9. HP: 64/71 MP: 8/8
  4737 | D:7      | Reached skill level 14 in Axes
  4785 | D:7      | Found Yryiwotz's Antique Armour Boutique.
  4789 | D:7      | Bought a pair of boots for 117 gold pieces
  4828 | D:7      | Found Saomixom's Gadget Boutique.
  5117 | D:7      | Found Cyjoh's Book Boutique.
  5124 | D:7      | Found Pyirhad's Jewellery Shoppe.
  5190 | D:7      | Found an oddly glowing altar of Pakellas.
  5190 | D:7      | Found Pakellas's Prime Provisions.
  5407 | D:8      | Noticed Pikel
  5422 | D:8      | Killed Pikel
  5422 | D:8      | Reached skill level 5 in Armour
  5422 | D:8      | Reached skill level 5 in Dodging
  5430 | D:8      | Found a sparkling altar of Nemelex Xobeh.
  5480 | D:8      | Reached skill level 15 in Axes
  5497 | D:8      | Reached XP level 10. HP: 65/78 MP: 9/9
  5732 | D:7      | Bought an uncursed amulet of regeneration for 330 gold pieces
  5782 | D:8      | Noticed Erolcha
  5791 | D:8      | Killed Erolcha
  5791 | D:8      | Received a gift from Trog
  5794 | D:8      | Got a slimy battleaxe {god gift}
  5797 | D:8      | Identified the +9 battleaxe of the Ass {chop, Str+5 Dex+4} (Trog gifted it to you on level 8 of the Dungeon)
  5916 | D:8      | Noticed an ice statue
  6089 | D:8      | Found a bloodstained altar of Trog.
  6089 | D:8      | Found a shattered altar of Ashenzari.
  6129 | D:8      | Found a basalt altar of Yredelemnul.
  6211 | D:9      | Killed Charly's ghost
  6393 | D:9      | Reached skill level 16 in Axes
  6415 | D:9      | Found a staircase to the Lair.
  6596 | D:9      | Identified the Guide on the Arsonist and Beguiling
  6658 | D:9      | Noticed a white ugly thing
  6666 | D:9      | Killed a white ugly thing
  6782 | D:9      | Found a stormy altar of Qazlal.
  6822 | D:9      | Reached XP level 11. HP: 76/83 MP: 10/10
  6889 | D:10     | Entered Level 10 of the Dungeon
  7036 | D:10     | Noticed Sonja
  7048 | D:10     | Slain by Sonja

Skill      XL: |  1  2  3  4  5  6  7  8  9 10 |
---------------+-------------------------------+-----
Axes           | 4 5 6 8 9 11 13 15 16 | 16.6
Armour         | 5 8 |  8.2
Dodging        | 5 7 |  7.2
Fighting       | |  3.7

Action                   |  1- 3 |  4- 6 |  7- 9 | 10-12 || total
-------------------------+-------+-------+-------+-------++-------
Melee: Hand axe          |    55 |   194 |   244 |       ||   493
       Headbutt          |     7 |    31 |    97 |    36 ||   171
       War axe           |       |       |   203 |    38 ||   241
       Battleaxe         |       |       |       |   105 ||   105
Invok: Berserk           |     3 |     4 |     5 |     3 ||    15
       Trog's Hand       |       |       |     1 |     2 ||     3
       Burn Spellbooks   |       |       |     1 |     1 ||     2
  Use: Scroll            |       |     2 |    15 |     3 ||    20
       Potion            |       |       |     1 |       ||     1
  Eat: Chunk             |     2 |     7 |    11 |     2 ||    22
       Beef jerky        |       |     1 |     2 |       ||     3
       Fruit             |       |     1 |     2 |     3 ||     6
       Royal jelly       |       |       |     2 |       ||     2
       Pizza             |       |       |     1 |       ||     1
       Meat ration       |       |       |       |     1 ||     1
Armor: Storm dragon hide |     5 |       |       |       ||     5
       Animal skin       |     1 |       |       |       ||     1
       Chain mail        |     7 |    90 |    71 |       ||   168
       Plate armour      |       |       |   115 |    69 ||   184
Dodge: Dodged            |    25 |    77 |   156 |    62 ||   320
